 Dungeon Crawl Stone Soup version 0.29.1-15-g9cfb28693d (webtiles) character file.

Game seed: 635889835308101639

26301 BuddhaDhamma the Executioner (level 12, -5/90 HPs)
             Began as a Minotaur Berserker on Feb 28, 2023.
             Was a High Priest of Trog.
             Slain by a death yak (9 damage)
             ... on level 1 of the Lair of Beasts.
             The game lasted 00:33:26 (15413 turns).

BuddhaDhamma the Executioner (Minotaur Berserker)  Turns: 15413, Time: 00:33:27

Health: -5/90      AC: 27    Str: 31    XL:     12   Next: 97%
Magic:  11/11      EV:  9    Int:  4    God:    Trog [*****.]
Gold:   153        SH:  0    Dex: 12    Spells: 11/11 levels left

rFire   . . .      SeeInvis .   J - +5 battleaxe (protect)
rCold   . . .      Faith    +   (shield currently unavailable)
rNeg    + . .      Spirit   .   n - +0 plate armour
rPois   .          Reflect  .   (helmet restricted)
rElec   .          Harm     .   k - +1 cloak
rCorr   .          Rampage  .   (no gloves)
Will    .....                   t - +1 pair of boots
Stlth   ..........              E - amulet of faith
HPRegen 0.25/turn               m - ring of positive energy
MPRegen 0.12/turn               l - +6 ring of strength

@: under a protective aura, on berserk cooldown, slowed, very slow
A: horns 2, retaliatory headbutt
a: Renounce Religion, Berserk, Trog's Hand, Brothers in Arms


You were on level 1 of the Lair of Beasts.
You worshipped Trog.
Trog was extremely pleased with you.
You visited 2 branches of the dungeon, and saw 13 of its levels.

You collected 633 gold pieces.
You spent 480 gold pieces at shops.

Inventory:

Hand Weapons
 J - a +5 battleaxe of protection (weapon)
Missiles
 d - 21 poisoned darts (quivered)
Armour
 k - a +1 cloak (worn)
 n - a +0 plate armour (worn)
 t - a +1 pair of boots (worn)
Jewellery
 a - a ring of willpower
 g - an amulet of the acrobat
 l - a +6 ring of strength (right hand)
 m - a ring of positive energy (left hand)
 u - an amulet of reflection
 w - a ring of see invisible
 E - an amulet of faith (around neck)
 F - a ring of fire
Wands
 b - a wand of charming (7)
 e - a wand of mindburst (6)
 q - a wand of digging (3)
 r - a wand of roots (18)
 s - a wand of polymorph (7)
 A - a wand of flame (28)
 B - a wand of acid (4)
Scrolls
 c - a scroll of identify
 o - 3 scrolls of teleportation
 y - a scroll of magic mapping
 z - 3 scrolls of butterflies
 K - 3 scrolls of fear
Potions
 f - 2 potions of cancellation
 h - a potion of lignification
 i - 2 potions of curing
 j - a potion of heal wounds
 p - a potion of haste
 x - 2 potions of flight
 H - a potion of ambrosia
 L - a potion of invisibility


   Skills:
 - Level 3.6 Fighting
 + Level 22.4 Axes
 + Level 12.6 Armour
 - Level 2.1 Dodging


You had 11 spell levels left.
You didn't know any spells.
Your spell library was empty.

Dungeon Overview and Level Annotations

Branches:
Dungeon (12/15)            Temple (0/1) D:6            Lair (1/5) D:11
    Orc (0/2) D:11

Altars:
Cheibriados
Hepliaklqana

Shops:
D:8 *   D:11 =


Innate Abilities, Weirdness & Mutations

You have a pair of horns on your head.
You reflexively headbutt those who attack you in melee.


Message History

You slash the death yak! x2; The death yak misses you.
The death yak gores you.
You see here a death yak corpse.
You feel a strong urge to attack something.
The death yak gores you! The death yak completely misses you.
You see here a poisoned dart.
You are no longer berserk.
You are exhausted.
You feel yourself slow down.
You slash the death yak!
The death yak is moderately wounded.
You barely miss the death yak. You hit the black bear.
The black bear barely misses you. x2
The black bear claws you but does no damage.
The death yak gores you! x2
* * * LOW HITPOINT WARNING * * *
You slash the death yak!
The death yak is heavily wounded.
You barely miss the death yak. You slice the black bear!!
The black bear goes berserk!
The death yak gores you but does no damage.
The death yak closely misses you.
You slash the death yak!
The death yak is severely wounded.
You barely miss the death yak. You barely miss the black bear.
The black bear barely misses you.
The black bear claws you but does no damage. x2
The death yak gores you but does no damage.
The death yak gores you!
* * * LOW HITPOINT WARNING * * *
You slice the death yak!!
The death yak is almost dead.
You hit the death yak. You hit the black bear.
The black bear bites you but does no damage.
The black bear claws you but does no damage.
The black bear barely misses you. The black bear bites you!
* * * LOW HITPOINT WARNING * * *
The black bear closely misses you.
The black bear claws you but does no damage.
The death yak gores you!
You die...

####.....###..
#.......## #.. .
##........# ##. ..
##.........####. ...
##...........#.## ....
#.............### .....
##.............P##
.(....#...............P#
#...(.h@Y†(†...........#
........Y..†...........#
.......................#
........................
.......#...............#
#......##...............
#...... ##.............÷
......# ##............#
..........#


You could see 2 death yaks and a black bear (berserk).

Vanquished Creatures
  Rupert (D:12)
  Azrael (D:12)
  Snorg (D:12)
  2 boulder beetles (D:12)
  A hydra (D:8)
  5 two-headed ogres
  4 death yaks (Lair:1)
  A skeletal warrior (D:12)
  A deep elf pyromancer (D:12)
  An ugly thing (D:12)
  A cyclops (D:12)
  Joseph (D:7)
  Maurice (D:8)
  The ghost of mongooserunner the Skirmisher, a novice DEHu (D:5)
  Grinder (D:4)
  A troll (D:11)
  Prince Ribbit (D:7)
  A hornet (D:11)
  6 slime creatures (D:12)
  40 yaks
  2 wraiths (D:11)
  4 fire elementals
  2 basilisks
  3 vampire mosquitoes (D:12)
  A steam dragon (D:7)
  Menkaure (D:4)
  2 acid dragons
  2 water moccasins
  3 hell hounds (D:11)
  Duvessa (D:7)
  4 orc warriors
  A sky beast (D:7)
  2 ice beasts
  2 black bears
  3 ogres
  6 centaurs
  Blork the orc (D:4)
  3 bullfrogs
  2 kobold brigands
  A gnoll sergeant (D:8)
  2 necrophages (D:6)
  2 scorpions
  Dowan (D:7)
  7 killer bees
  3 electric eels (Lair:1)
  4 howler monkeys
  A gnoll bouda (D:6)
  5 orc priests
  Ijyb (D:4)
  4 hounds
  2 jellies
  5 iguanas
  8 orc wizards
  4 hell rats (Lair:1)
  7 gnolls
  7 adders
  A shadow imp (D:7)
  A white imp (D:7)
  An ufetubus (D:5)
  6 worms
  4 dart slugs
  36 orcs
  8 ball pythons
  8 endoplasms
  2 giant cockroaches
  11 goblins
  13 hobgoblins
  7 jackals (D:1)
  16 kobolds
  5 quokkas
  4 bats
  3 frilled lizards
  5 rats
312 creatures vanquished.

Vanquished Creatures (others)
  2 hell rats (Lair:1)
  3 plants (Lair:1)
5 creatures vanquished.

Grand Total: 317 creatures vanquished

Notes
Turn   | Place    | Note
-------+----------+-------------------------------------------
     0 | D:1      | BuddhaDhamma the Minotaur Berserker began the quest for the
                  | Orb.
     0 | D:1      | Reached XP level 1. HP: 19/19 MP: 0/0
    17 | D:1      | Found a faded altar of an unknown god.
    50 | D:1      | Reached skill level 4 in Axes
   101 | D:1      | Reached XP level 2. HP: 24/26 MP: 1/1
   563 | D:1      | Reached skill level 5 in Axes
   701 | D:1      | Reached XP level 3. HP: 29/31 MP: 2/2
  1174 | D:2      | Reached ** piety under Trog
  1316 | D:2      | Reached skill level 6 in Axes
  1316 | D:2      | Reached XP level 4. HP: 39/39 MP: 3/3
  2095 | D:3      | Reached XP level 5. HP: 45/45 MP: 4/4
  2097 | D:3      | Reached skill level 7 in Axes
  2406 | D:3      | Reached skill level 8 in Axes
  2406 | D:3      | Reached XP level 6. HP: 43/51 MP: 5/5
  2728 | D:4      | Reached *** piety under Trog
  2899 | D:4      | Reached skill level 9 in Axes
  2980 | D:4      | Noticed Ijyb
  2990 | D:4      | Killed Ijyb
  2997 | D:4      | Reached XP level 7. HP: 57/57 MP: 6/6
  3184 | D:4      | Noticed Blork the orc
  3191 | D:4      | Killed Blork the orc
  3192 | D:4      | Reached skill level 10 in Axes
  3339 | D:4      | Noticed Menkaure
  3367 | D:4      | Killed Menkaure
  3446 | D:4      | Noticed Grinder
  3452 | D:4      | Paralysed by Grinder for 4 turns
  3476 | D:4      | Paralysed by Grinder for 3 turns
  3482 | D:4      | Killed Grinder
  3483 | D:4      | Reached skill level 11 in Axes
  3483 | D:4      | Reached XP level 8. HP: 51/64 MP: 7/7
  3746 | D:5      | Entered Level 5 of the Dungeon
  4022 | D:5      | Reached skill level 12 in Axes
  4104 | D:5      | Found a runed translucent door.
  4108 | D:5      | Noticed mongooserunner's ghost (novice DEHu)
  4174 | D:5      | Killed mongooserunner's ghost
  4396 | D:6      | Found a staircase to the Ecumenical Temple.
  4401 | D:6      | Reached skill level 13 in Axes
  4703 | D:6      | Identified the +6 quarterstaff of Wrath {freeze, Dex+6}
  4729 | D:6      | Reached skill level 14 in Axes
  4733 | D:6      | Reached XP level 9. HP: 64/70 MP: 8/8
  5091 | D:6      | Reached **** piety under Trog
  5363 | D:6      | Found a snail-covered altar of Cheibriados.
  5505 | D:7      | Noticed Joseph
  5516 | D:7      | Killed Joseph
  5517 | D:7      | Reached skill level 15 in Axes
  5800 | D:7      | Noticed Prince Ribbit
  5833 | D:7      | Killed Prince Ribbit
  6156 | D:7      | Reached skill level 16 in Axes
  6172 | D:7      | Noticed Duvessa
  6176 | D:7      | Noticed Dowan
  6183 | D:7      | Killed Dowan
  6189 | D:7      | Killed Duvessa
  6887 | D:8      | Found Epevoes's Neck Hole.
  6992 | D:8      | Reached skill level 17 in Axes
  6992 | D:8      | Reached XP level 10. HP: 77/77 MP: 9/9
  7347 | D:8      | Noticed Maurice
  7355 | D:8      | Noticed a four-headed hydra
  7368 | D:8      | Killed Maurice
  7369 | D:8      | Reached skill level 18 in Axes
  7369 | D:8      | Killed a ten-headed hydra
  7814 | D:8      | Identified the +1 leather armour "Irahoug" {+Blink rElec}
  8595 | D:9      | Reached skill level 19 in Axes
  8829 | D:8      | Bought an amulet of faith for 480 gold pieces
  8910 | D:9      | Found a hazy altar of Hepliaklqana.
  9208 | D:10     | Entered Level 10 of the Dungeon
  9208 | D:10     | Noticed a two-headed ogre
  9213 | D:10     | Killed a two-headed ogre
  9627 | D:10     | Reached XP level 11. HP: 71/82 MP: 10/10
 10747 | D:11     | Found a staircase to the Orcish Mines.
 10887 | D:11     | Found a staircase to the Lair.
 10919 | D:11     | Reached skill level 5 in Armour
 10922 | D:11     | Reached skill level 20 in Axes
 11206 | D:11     | You fall into a shaft and drop 1 floor!
 11284 | D:12     | Noticed a skeletal warrior
 11306 | D:12     | Killed a skeletal warrior
 11655 | D:11     | Noticed a two-headed ogre
 11656 | D:11     | Noticed a two-headed ogre
 11664 | D:11     | Killed a two-headed ogre
 11673 | D:11     | Killed a two-headed ogre
 12425 | D:11     | Found Usoapp's Jewellery Emporium.
 12652 | D:11     | Noticed a two-headed ogre
 12663 | D:11     | Killed a two-headed ogre
 12776 | D:12     | Noticed Azrael
 13398 | D:11     | Reached skill level 21 in Axes
 13656 | D:12     | Killed Azrael
 13657 | D:12     | Reached XP level 12. HP: 90/90 MP: 11/11
 13935 | D:12     | Noticed a boulder beetle
 13957 | D:12     | Killed a boulder beetle
 14095 | D:12     | Noticed Snorg
 14108 | D:12     | Killed Snorg
 14123 | D:12     | Reached skill level 10 in Armour
 14359 | D:12     | Noticed a two-headed ogre
 14365 | D:12     | Killed a two-headed ogre
 14441 | D:12     | Noticed Rupert
 14449 | D:12     | Killed Rupert
 14487 | D:12     | Noticed a boulder beetle
 14497 | D:12     | Killed a boulder beetle
 14498 | D:12     | Reached skill level 22 in Axes
 14499 | D:12     | Reached ***** piety under Trog
 14815 | Lair:1   | Entered Level 1 of the Lair of Beasts
 15385 | Lair:1   | Noticed a death yak
 15385 | Lair:1   | Noticed a death yak
 15385 | Lair:1   | Noticed a death yak
 15395 | Lair:1   | Noticed a death yak
 15396 | Lair:1   | Noticed a death yak
 15397 | Lair:1   | Noticed a death yak
 15401 | Lair:1   | Killed a death yak
 15401 | Lair:1   | Killed a death yak
 15404 | Lair:1   | Killed a death yak
 15406 | Lair:1   | Killed a death yak
 15413 | Lair:1   | HP: 4/90 [black bear (8)]
 15413 | Lair:1   | Slain by a death yak

Illustrated notes

Levels and vault maps discovered:
D:1:      spicycebolla_arrival_xxxplode, layout_rooms, basic_ecumenical_altar
D:2:      layout_loops_ring
D:3:      cheibrodos_thug_alley, layout_rooms
D:4:      layout_loops_ring, hangedman_feature_mirror, uniq_ijyb,
          uniq_blork_the_orc, uniq_grinder, uniq_menkaure
D:5:      layout_cave_pools, ebering_ghost_sewer_d
D:6:      layout_cave_pools, mainiacjoe_overflow_alcove_4,
          minmay_temple_entry_tees
D:7:      layout_gridville, enter_bailey_5, uniq_duvessa, uniq_prince_ribbit1,
          uniq_joseph
D:8:      layout_rooms, small_chamber_with_monster,
          nicolae_shop_sticking_my_neck_out, uniq_maurice
D:9:      layout_irregular_city, mainiacjoe_overflow_catwalk
D:10:     layout_irregular_city
D:11:     layout_small_grid, lair_entry_dummy, orc_0_dummy, serial_shops, shop
D:12:     layout_irregular_city, uniq_rupert, uniq_azrael, uniq_snorg
Lair:1:   layout_cave_pods, gammafunk_ghost_grave, serial_bayou_lake_a,
          uniq_erica

Skill      XL: |  1  2  3  4  5  6  7  8  9 10 11 12 |
---------------+-------------------------------------+-----
Axes           | 4 5 6 8 9 11 14 17 19 21 22 | 22.4
Armour         | 3 9 12 | 12.6
Fighting       | |  3.6
Dodging        | |  2.1

Action                   |  1- 3 |  4- 6 |  7- 9 | 10-12 || total
-------------------------+-------+-------+-------+-------++-------
Melee: Hand axe          |    80 |   152 |   150 |       ||   382
       Headbutt          |    14 |    23 |    53 |    86 ||   176
       Punch             |       |     1 |     2 |     3 ||     6
       Broad axe         |       |       |    98 |    63 ||   161
       Battleaxe         |       |       |       |   316 ||   316
Throw: Dart              |     2 |     6 |    22 |    66 ||    96
Invok: Berserk           |       |     2 |     4 |     9 ||    15
       Trog's Hand       |       |       |     1 |     1 ||     2
Evoke: Wand              |       |       |       |     2 ||     2
  Use: Scroll            |       |     9 |     4 |    18 ||    31
       Potion            |       |       |       |     3 ||     3
Armor: Animal skin       |    13 |       |       |       ||    13
       Ring mail         |     4 |    12 |       |       ||    16
       Scale mail        |       |     8 |       |       ||     8
       Plate armour      |       |    39 |   126 |   217 ||   382
Dodge: Dodged            |    64 |    71 |   154 |   134 ||   423
